 Dungeon Crawl Stone Soup version 0.28.0-1-gb440e238dd (webtiles) character file.

Game seed: 2847118971033600184

83 Ablot the Grasshopper (level 4, -1/38 HPs)
             Began as a Gnoll Warper on Feb 25, 2022.
             Slain by Sigmund (6 damage)
             ... on level 2 of the Dungeon.
             The game lasted 00:02:38 (2258 turns).

Ablot the Grasshopper (Gnoll Warper)                Turns: 2258, Time: 00:02:38

Health: -1/38      AC:  3    Str: 12    XL:     4   Next: 44%
Magic:  11/11      EV: 12    Int: 13    God:
Gold:   65         SH:  0    Dex: 11    Spells: 11/13 levels left

rFire   . . .      SeeInvis .   a - +0 spear
rCold   . . .      Faith    .   (no shield)
rNeg    . . .      Spirit   .   b - +0 leather armour
rPois   .          Reflect  .   (no helmet)
rElec   .          Harm     .   (no cloak)
rCorr   .          Rampage  .   (no gloves)
Will    .....                   (no boots)
Stlth   +.........              (no amulet)
HPRegen 0.12/turn               (no ring)
MPRegen 0.12/turn               (no ring)

@: lethally poisoned (-1 -> -3)
A: fangs 1, strong nose, distributed training
a: no special abilities


You were on level 2 of the Dungeon.
You visited 1 branch of the dungeon, and saw 2 of its levels.

You collected 65 gold pieces.

Inventory:

Hand Weapons
 a - a +0 spear (weapon)
 e - a +0 vorpal hunting sling
Missiles
 d - 5 boomerangs of dispersal (quivered)
 h - 16 sling bullets
 i - 85 stones
 j - 26 bolts
 k - 15 arrows
Armour
 b - a +0 leather armour (worn)
Scrolls
 c - a scroll of blinking
 g - 2 scrolls of identify {unknown}
 l - a scroll of teleportation {unknown}
Potions
 f - 2 potions of curing {unknown}


   Skills:
 + Level 4.6 Fighting
 + Level 1.1 Short Blades
 + Level 1.1 Long Blades
 + Level 1.1 Axes
 + Level 1.1 Maces & Flails
 + Level 4.6 Polearms
 + Level 1.1 Staves
 + Level 1.1 Slings
 + Level 1.1 Bows
 + Level 1.1 Crossbows
 + Level 2.7 Throwing
 + Level 2.7 Armour
 + Level 4.6 Dodging
 + Level 1.1 Stealth
 + Level 1.1 Shields
 + Level 1.1 Unarmed Combat
 + Level 5.1 Spellcasting
 + Level 0.9 Conjurations
 + Level 0.9 Hexes
 + Level 0.9 Summonings
 + Level 0.9 Necromancy
 + Level 5.4 Translocations
 + Level 0.9 Transmutations
 + Level 0.9 Fire Magic
 + Level 0.9 Ice Magic
 + Level 0.9 Air Magic
 + Level 0.9 Earth Magic
 + Level 0.9 Poison Magic
 + Level 1.2 Invocations
 + Level 1.1 Evocations


You had 11 spell levels left.
You knew the following spells:

 Your Spells              Type           Power      Damage    Failure   Level
a - Blink                 Tloc           34%        N/A       3%          2

Your spell library contained the following spells:

 Spells                   Type           Power      Damage    Failure   Level
 Gell's Gravitas          Tloc           17%        N/A       8%          3
 Lesser Beckoning         Tloc           17%        N/A       8%          3
 Teleport Other           Tloc           17%        N/A       8%          3
 Sandblast                Erth           10%        2d5       16%         1
 Passwall                 Tmut/Erth      4%         N/A       24%         2
 Stone Arrow              Conj/Erth      10%        3d7       43%         3
 Manifold Assault         Tloc           17%        N/A       56%         5


Dungeon Overview and Level Annotations

Branches:
Dungeon (2/15)

Altars:
Beogh

Annotations:
D:2 1 runed translucent door, exclusion: door, Sigmund


Innate Abilities, Weirdness & Mutations

You have very sharp teeth.
Your uncanny sense of smell can sniff out nearby items.
Your experience applies equally to all skills.


Message History

You reach to attack!
You hit Sigmund.
Sigmund is moderately wounded.
You feel very sick. Sigmund barely misses you.
You reach to attack!
You closely miss Sigmund.
Sigmund is moderately wounded.
You feel sick.
Sigmund points at you and mumbles some strange words.
The puff of flame hits you!
* * * LOW HITPOINT WARNING * * *
You are too injured to fight recklessly!
You are too injured to fight recklessly!
You are too injured to fight recklessly!
You are too injured to fight recklessly!
You are too injured to fight recklessly!
You are too injured to fight recklessly!
You are too injured to fight recklessly!
You are too injured to fight recklessly!
You are too injured to fight recklessly!
You are too injured to fight recklessly!
You are too injured to fight recklessly!
You are too injured to fight recklessly!
You are too injured to fight recklessly!
You are too injured to fight recklessly!
You are too injured to fight recklessly!
You are too injured to fight recklessly!
You feel sick. Sigmund barely misses you.
You hit Sigmund. Your bite misses Sigmund.
Sigmund is heavily wounded.
You feel sick.
You barely miss Sigmund.
Sigmund is heavily wounded.
You feel sick. Sigmund closely misses you.
You hit Sigmund.
Sigmund is heavily wounded.
You barely miss Sigmund.
Sigmund is heavily wounded.
You feel sick.
Sigmund hits you with a +2 scythe of venom.
You die...

♣♣♣......# ♣♣.....# #.#
♣♣###.# #.# #.# #.#
##.# #.# #†.# #.# #.##
#.# #.# #.#####.# ###
#.# #.@.....#
..#####.#######@#####.#
................#
.........#####..#
#.#####..# #..# #.#
#..# #..# ..# #..# #..#
P.#####..# ##.#
.....##..# #..# ###


You could see Sigmund.

Vanquished Creatures
  4 adders (D:2)
  A dart slug (D:1)
  7 ball pythons
  4 endoplasms
  2 giant cockroaches (D:1)
  A goblin (D:1)
  3 hobgoblins
  4 jackals (D:1)
  5 kobolds
  3 quokkas (D:1)
  3 bats (D:1)
  A frilled lizard (D:2)
  6 rats (D:1)
44 creatures vanquished.

Vanquished Creatures (others)
  A plant (D:2)
1 creature vanquished.

Grand Total: 45 creatures vanquished

Notes
Turn   | Place    | Note
-------+----------+-------------------------------------------
     0 | D:1      | Ablot the Gnoll Warper began the quest for the Orb.
     0 | D:1      | Reached XP level 1. HP: 20/20 MP: 6/6
   231 | D:1      | Reached XP level 2. HP: 22/26 MP: 7/7
   234 | D:1      | Learned a level 2 spell: Blink
   656 | D:1      | Reached XP level 3. HP: 31/31 MP: 9/9
   660 | D:1      | Reached skill level 5 in Spellcasting
  1029 | D:1      | Found a faded altar of an unknown god.
  1230 | D:1      | Reached skill level 1 in Invocations
  1367 | D:2      | Noticed Sigmund
  1367 | D:2      | Noticed a phantom
  1568 | D:2      | Reached skill level 1 in Short Blades
  1568 | D:2      | Reached skill level 1 in Long Blades
  1568 | D:2      | Reached skill level 1 in Axes
  1568 | D:2      | Reached skill level 1 in Maces & Flails
  1568 | D:2      | Reached skill level 1 in Staves
  1568 | D:2      | Reached skill level 1 in Slings
  1568 | D:2      | Reached skill level 1 in Bows
  1568 | D:2      | Reached skill level 1 in Crossbows
  1568 | D:2      | Reached skill level 1 in Stealth
  1568 | D:2      | Reached skill level 1 in Shields
  1568 | D:2      | Reached skill level 1 in Unarmed Combat
  1568 | D:2      | Reached skill level 1 in Evocations
  1656 | D:2      | Reached XP level 4. HP: 29/38 MP: 11/11
  2185 | D:2      | Found a runed translucent door.
  2258 | D:2      | Slain by Sigmund

Illustrated notes

Levels and vault maps discovered:
D:1:      amcnicky_arrival_underground_garden, layout_loops_ring,
          hellmonk_ecumenical_altar_defaced_shrine, minmay_door_square
D:2:      layout_loops_ring, serial_forest, infiniplex_forest_clump_C,
          infiniplex_forest_straight_2, infiniplex_forest_lined_2,
          infiniplex_forest_straight_2, infiniplex_forest_lined_4_way,
          infiniplex_forest_lined_3, minmay_misc_feat_chi, nrook_mini_backslash,
          roderic_lattice_a, uniq_crazy_yiuf_cottage, uniq_robin, uniq_sigmund

Skill      XL: |  1  2  3 |
---------------+----------+-----
Spellcasting   | 5 |  5.1
Invocations    | 1 |  1.2
Short Blades   | 1 |  1.1
Long Blades    | 1 |  1.1
Axes           | 1 |  1.1
Maces & Flails | 1 |  1.1
Staves         | 1 |  1.1
Slings         | 1 |  1.1
Bows           | 1 |  1.1
Crossbows      | 1 |  1.1
Stealth        | 1 |  1.1
Shields        | 1 |  1.1
Unarmed Combat | 1 |  1.1
Evocations     | 1 |  1.1
Fighting       | |  4.6
Polearms       | |  4.6
Throwing       | |  2.7
Armour         | |  2.7
Dodging        | |  4.6
Conjurations   | |  0.9
Hexes          | |  0.9
Summonings     | |  0.9
Necromancy     | |  0.9
Translocations | |  5.4
Transmutations | |  0.9
Fire Magic     | |  0.9
Ice Magic      | |  0.9
Air Magic      | |  0.9
Earth Magic    | |  0.9
Poison Magic   | |  0.9

Action                   |  1- 3 |  4- 6 || total
-------------------------+-------+-------++-------
Melee: Spear             |   154 |    52 ||   206
       Bite              |    16 |     3 ||    19
       Punch             |     4 |       ||     4
 Stab: Sleeping          |     2 |       ||     2
Armor: Leather armour    |    33 |     3 ||    36
Dodge: Dodged            |    68 |    32 ||   100
